 Dungeon Crawl Stone Soup version 0.30.1-11-g7821555f0a (webtiles) character file.

Game seed: 7216421728894842846

5097 PedoSlayer the Shooter (level 10, -4/81 HPs)
             Began as a Green Draconian Hunter on Nov 1, 2023.
             Was an Initiate of Gozag.
             Slain by a catoblepas (11 damage)
             ... while petrified by a catoblepas
             ... on level 1 of the Lair of Beasts on Nov 2, 2023.
             The game lasted 00:48:00 (9886 turns).

PedoSlayer the Shooter (Green Draconian Hunter)     Turns: 9886, Time: 00:48:01

Health: -4/81      AC:  7    Str: 16    XL:     10   Next: 32%
Magic:  0/16       EV:  2    Int: 17    God:    Gozag
Gold:   913        SH:  0    Dex: 17    Spells: 8/17 levels left

rFire   . . .        z - +1 falchion "Veimopobyn" {venom, Int+5}
rCold   . . .        (no shield)
rNeg    + + +        (body armour unavailable)
rPois   ∞            (helmet restricted)
rElec   .            (no cloak)
rCorr   +            (no gloves)
SInv    +            (no boots)
Will    .....        w - amulet of guardian spirit
Stlth   +++          i - ring of wizardry
HPRegen 0.33/turn    m - ring "Umyderuk" {*Slow rCorr Dex+3 SInv}
MPRegen 0.15/turn

%: slow self (1%), guardian spirit, wizardry (x1)
@: petrified, gold aura
A: breathe noxious fumes, AC +7, unfitting armour, poison resistance,
cold-blooded
a: Breathe Noxious Fumes, Renounce Religion, Potion Petition, Call Merchant,
Bribe Branch


You were on level 1 of the Lair of Beasts.
You worshipped Gozag.
Gozag was pleased with you.
You visited 2 branches of the dungeon, and saw 9 of its levels.

You collected 1482 gold pieces.
You spent 170 gold pieces at shops.
You paid 399 gold pieces to Gozag.

Inventory:

Hand Weapons
 a - a +3 shortbow of flaming
 z - the +1 falchion "Veimopobyn" (weapon) {venom, Int+5}
   (You found it on level 7 of the Dungeon)

   Int:       It affects your intelligence (+5).
Missiles
 t - 5 atropa-tipped darts
 x - 3 boomerangs
Armour
 u - an orb of guile
Jewellery
 i - a ring of wizardry (left hand)
 l - a +4 ring of protection
 m - the ring "Umyderuk" (right hand) {*Slow rCorr Dex+3 SInv}
   (You found it on level 5 of the Dungeon)

   [ring of see invisible]

   Dex:       It affects your dexterity (+3).
   SInv:      It lets you see invisible.
   rCorr:     It protects you from acid and corrosion.
   *Slow:     It may slow you when you take damage.
 w - an amulet of guardian spirit (around neck)
Wands
 d - a wand of roots (4)
 r - a wand of digging (5)
 v - a wand of polymorph (9)
Scrolls
 e - a scroll of amnesia
 f - a scroll of fog {unknown}
 s - a scroll of vulnerability
 y - a scroll of immolation
Potions
 b - a potion of cancellation {unknown}
 c - a potion of might {unknown}
 g - a potion of invisibility {unknown}
 h - 2 potions of flight
 j - 3 potions of curing
 k - a potion of mutation
 n - a potion of haste {unknown}
 o - a potion of resistance
 p - a potion of berserk rage {unknown}
 q - 2 potions of lignification {unknown}
 A - a potion of degeneration {unknown}
Miscellaneous
 B - a box of beasts


   Skills:
 * Level 5.2 Fighting
 * Level 2.2 Long Blades
 * Level 7.4 Ranged Weapons
 * Level 3.6 Throwing
 * Level 4.3 Dodging
 * Level 4.0 Stealth
 * Level 4.4 Unarmed Combat
 * Level 4.0 Spellcasting
 * Level 4.2 Transmutations
 * Level 2.1 Ice Magic
 * Level 4.5 Poison Magic
 * Level 4.0 Evocations


You had 8 spell levels left.
You knew the following spells:

 Your Spells              Type           Power      Damage    Failure   Level
a - Beastly Appendage     Tmut           34%        N/A       1%          1
b - Spider Form           Tmut/Pois      18%        N/A       3%          3
c - Wereblood             Tmut           17%        N/A       1%          2
d - Frozen Ramparts       Ice            20%        1d4       9%          3

Your spell library contained the following spells:

 Spells                   Type           Power      Damage    Failure   Level
 Freeze                   Ice            40%        1d6       2%          1
 Hailstorm                Conj/Ice       7%         3d4       12%         3


Dungeon Overview and Level Annotations

Branches:
Dungeon (8/15)             Temple (0/1) D:6            Lair (1/5) D:8

Altars:
Ashenzari
Gozag
Hepliaklqana
Makhleb
Sif Muna

Shops:
D:2 ?***

Annotations:
Lair:1 Amaemon


Innate Abilities, Weirdness & Mutations

You can breathe blasts of noxious fumes.
Your lurid green scales are hard. (AC +7)
You cannot fit into any form of body armour.
Your system is resistant to poisons. (rPois)
You are cold-blooded and may be slowed by cold attacks.


Message History

Amaemon the Diabolical Poisoner comes into view.
He is wielding a +1 demon whip of venom and carrying a wand of polymorph (5).
The orange demon screeches!
You hit the catoblepas but do no damage.
The catoblepas is poisoned.
The catoblepas is moderately wounded.
You are engulfed in calcifying dust.
The grasping roots constrict the catoblepas, but do no damage.
The roots release their grip on the catoblepas.
The catoblepas barely misses you.
The catoblepas gores you but does no damage.
Your limbs are stiffening.
The catoblepas attacks as you move away!
The catoblepas gores you!!
You are engulfed in calcifying dust.
Your limbs have turned to stone.
You have turned to stone.
You have got your breath back.
The catoblepas gores you but does no damage.
Amaemon is distracted by your dazzling golden aura.
Amaemon is no longer distracted by gold.
The catoblepas breathes a plume of calcifying dust at you.
The blast of calcifying dust hits you.
You are engulfed in calcifying dust.
The catoblepas breathes a plume of calcifying dust at you.
The blast of calcifying dust hits you.
Amaemon points at the orange demon and mumbles some strange words.
The orange demon seems to grow toxic.
You are engulfed in calcifying dust.
The catoblepas gores you!! The orange demon stings you from afar!
Amaemon drinks a potion.
Amaemon suddenly seems more resistant.
You are engulfed in calcifying dust.
The catoblepas gores you!
* * * LOW HITPOINT WARNING * * *
The orange demon stings you from afar!
* * * LOW HITPOINT WARNING * * *
You are engulfed in calcifying dust.
The catoblepas looks more healthy.
The catoblepas gores you!!
* * * LOW HITPOINT WARNING * * *
The orange demon stings you from afar!
* * * LOW HITPOINT WARNING * * *
The catoblepas gores you!!
You die...
Your body crumbles into a pile of gold.

### ### ##
#########.#####.###.####
........................
........................
$
#'###P##....####§###.##.
#.## #...#####@###.##
#..### #...##...Y.....#
#....# #...#....4....##
.....###...#P....6......
#....'.'...##........#..
#....###...#..####.### .
##.### #...##. .# ####
#...... ..
#.######....... ...


You could see Amaemon (resistant), a catoblepas and an orange demon (curare).

Vanquished Creatures
  A cane toad (Lair:1)
  A rime drake (Lair:1)
  A komodo dragon (Lair:1)
  A troll (D:8)
  Sigmund (D:2)
  A basilisk (Lair:1)
  The ghost of Solaire the Stinger, an amateur FoVM (D:3)
  2 water moccasins
  An orc warrior (D:8)
  An ice beast (D:7)
  2 black bears
  5 ogres
  4 centaurs
  5 wolves
  2 kobold brigands
  2 bullfrogs
  2 scorpions (D:6)
  4 wights (D:7)
  3 electric eels (D:8)
  A bullfrog zombie (D:3)
  2 jellies
  7 hounds
  2 orc priests
  A gnoll bouda (D:6)
  3 sleepcaps
  Terence (D:2)
  6 orc wizards
  Natasha (thrice) (D:4)
  5 iguanas
  14 gnolls
  6 adders
  2 shadow imps
  2 white imps
  3 ufetubi
  A worm (D:2)
  2 dart slugs
  21 orcs
  3 bats
  4 endoplasms
  2 giant cockroaches (D:4)
  6 goblins
  11 hobgoblins
  3 jackals (D:4)
  19 kobolds
  3 quokkas
  7 ball pythons
  3 frilled lizards
  7 rats
190 creatures vanquished.

Vanquished Creatures (collateral kills)
  A bullfrog skeleton (D:3)
1 creature vanquished.

Grand Total: 191 creatures vanquished

Notes
Turn   | Place    | Note
-------+----------+-------------------------------------------
     0 | D:1      | PedoSlayer the Draconian Hunter began the quest for the
                  | Orb.
     0 | D:1      | Reached XP level 1. HP: 17/17 MP: 1/1
   222 | D:1      | Reached skill level 1 in Stealth
   225 | D:1      | Reached XP level 2. HP: 24/24 MP: 2/2
   230 | D:1      | Learned a level 1 spell: Beastly Appendage
   268 | D:2      | Found Peasugh's Magic Scroll Boutique.
   299 | D:2      | Reached skill level 4 in Ranged Weapons
   520 | D:2      | Found Pynuon's General Store.
   543 | D:2      | Found Oxzi's Assorted Antiques.
   543 | D:2      | Found Qeghi's Assorted Antiques.
   575 | D:2      | Noticed Terence
   588 | D:2      | Killed Terence
   589 | D:2      | Reached XP level 3. HP: 14/29 MP: 1/3
   709 | D:3      | Found an opulent altar of Gozag.
   756 | D:3      | Found a transporter.
   831 | D:3      | Became a worshipper of Gozag Ym Sagoz the Greedy
  1005 | D:3      | Reached XP level 4. HP: 37/37 MP: 3/5
  1037 | D:3      | Learned a level 3 spell: Spider Form
  1102 | D:3      | Found a transporter.
  1104 | D:3      | Noticed Solaire's ghost (amateur FoVM)
  1664 | D:2      | Noticed Sigmund
  1674 | D:2      | Killed Sigmund
  1675 | D:2      | Reached skill level 1 in Unarmed Combat
  1675 | D:2      | Reached skill level 1 in Spellcasting
  1675 | D:2      | Reached skill level 1 in Transmutations
  1675 | D:2      | Reached skill level 1 in Evocations
  1675 | D:2      | Reached XP level 5. HP: 19/42 MP: 2/6
  1808 | D:2      | Reached skill level 5 in Ranged Weapons
  1808 | D:2      | Reached XP level 6. HP: 18/50 MP: 2/7
  2361 | D:2      | Bought a scroll of identify for 28 gold pieces
  2361 | D:2      | Bought a scroll of identify for 28 gold pieces
  2387 | D:2      | Bought a scroll of identify for 42 gold pieces
  2391 | D:2      | Bought a scroll labelled ENGOHA KISAWUL for 24 gold pieces
  2391 | D:2      | Bought a scroll of identify for 48 gold pieces
  2574 | D:1      | Learned a level 2 spell: Wereblood
  3031 | D:4      | Reached skill level 1 in Poison Magic
  3152 | D:4      | Reached skill level 1 in Throwing
  3539 | D:4      | Your scales start taking on a lurid green colour.
  3539 | D:4      | Reached XP level 7. HP: 51/57 MP: 7/9
  3539 | D:4      | Gained mutation: Your system is resistant to poisons.
                  | (rPois) [Green Draconian growth]
  3558 | D:4      | Noticed Natasha
  3566 | D:4      | Killed Natasha
  4113 | D:4      | Noticed Natasha
  4116 | D:4      | Killed Natasha
  4348 | D:4      | Noticed Natasha
  4353 | D:4      | Killed Natasha
  4376 | D:5      | Entered Level 5 of the Dungeon
  4882 | D:5      | Reached XP level 8. HP: 63/63 MP: 11/11
  4957 | D:5      | Identified the ring "Umyderuk" {*Slow rCorr Dex+3 SInv}
  5360 | D:5      | You fall into a shaft and drop 1 floor!
  5407 | D:6      | Found a staircase to the Ecumenical Temple.
  5745 | D:6      | Reached skill level 6 in Ranged Weapons
  5927 | D:6      | Identified the +0 kite shield of the Gastropod {Harm Regen+
                  | Int-4 Dex-5}
  5964 | D:6      | Found a broken altar of Ashenzari.
  6316 | D:7      | Identified the +1 falchion "Veimopobyn" {venom, Int+5}
  6711 | D:3      | Killed Solaire's ghost
  6712 | D:3      | Reached XP level 9. HP: 32/71 MP: 6/13
  7243 | D:7      | Found a burning altar of Makhleb.
  7386 | D:7      | Learned a level 3 spell: Frozen Ramparts
  7624 | D:7      | Reached skill level 1 in Long Blades
  8385 | D:8      | Noticed a troll
  8389 | D:8      | Killed a troll
  8390 | D:8      | Reached skill level 1 in Ice Magic
  8392 | D:8      | Reached skill level 7 in Ranged Weapons
  8649 | D:8      | Found a staircase to the Lair.
  8873 | D:8      | Found a hazy altar of Hepliaklqana.
  9243 | D:8      | Found a shimmering blue altar of Sif Muna.
  9380 | Lair:1   | Entered Level 1 of the Lair of Beasts
  9464 | Lair:1   | Reached XP level 10. HP: 55/80 MP: 2/15
  9480 | Lair:1   | Reached skill level 5 in Fighting
  9659 | Lair:1   | Noticed a cane toad
  9668 | Lair:1   | Killed a cane toad
  9855 | Lair:1   | Noticed a catoblepas
  9877 | Lair:1   | Noticed an orange demon
  9877 | Lair:1   | Noticed Amaemon
  9886 | Lair:1   | Slain by a catoblepas

Illustrated notes

Levels and vault maps discovered:
D:1:      wheals_arrival_shading, layout_basic
D:2:      layout_loops_corners, serial_shops, shop, nicolae_shop_rolled_up,
          shop, nicolae_shop_back_alley_shop, uniq_sigmund, uniq_terence
D:3:      layout_rooms, grunt_gozag_statues, gammafunk_ghost_mausoleum
D:4:      layout_basic, nicolae_figureground_pulse, uniq_natasha
D:5:      layout_loops_ring, serial_glass, glass_columns_a, glass_columns_b
D:6:      layout_rooms, marbit_many_paths, minmay_temple_entry_drinking_statues,
          kennysheep_generic_room_12
D:7:      layout_cave_pods, lemuel_tele_altar
D:8:      layout_rooms, nicolae_overflow_crystal_walls,
          lemuel_coloured_pillars_altar, erik_lair_island
Lair:1:   layout_regular_city, grunt_megastairs_2, serial_bayou_shore_b,
          lemuel_fruit_fields, lemuel_fruit_fields, uniq_amaemon

Skill      XL: |  1  2  3  4  5  6  7  8  9 10 |
---------------+-------------------------------+-----
Stealth        | 1 2 3 4 |  4.0
Ranged Weapons | 4 5 6 7 |  7.4
Dodging        | 2 3 4 |  4.3
Unarmed Combat | 1 2 3 4 |  4.4
Spellcasting   | 1 2 3 4 |  4.0
Transmutations | 1 2 3 4 |  4.2
Evocations     | 1 2 3 4 |  4.0
Poison Magic   | 1 2 3 4 |  4.5
Fighting       | 3 4 5 |  5.2
Throwing       | 1 2 3 |  3.6
Long Blades    | 1 2 |  2.2
Ice Magic      | 1 2 |  2.1

Action                     |  1- 3 |  4- 6 |  7- 9 | 10-12 || total
---------------------------+-------+-------+-------+-------++-------
  Melee: Unarmed           |    26 |    70 |    93 |     3 ||   192
         Headbutt          |     7 |    10 |    22 |       ||    39
         Tailslap          |     4 |     5 |    18 |     4 ||    31
         Kick              |     7 |    12 |    25 |       ||    44
         Punch             |       |       |     5 |     4 ||     9
         Falchion          |       |       |    65 |    19 ||    84
   Fire: Shortbow          |    52 |    33 |   159 |    14 ||   258
  Throw: Boomerang         |       |    45 |     5 |       ||    50
   Cast: Beastly Appendage |     7 |    17 |     7 |       ||    31
         Spider Form       |       |     6 |    16 |     1 ||    23
         Wereblood         |       |       |     2 |       ||     2
         Frozen Ramparts   |       |       |     3 |     4 ||     7
 Invoke: Potion Petition   |       |       |       |     2 ||     2
Ability: Breathe Noxious F |       |       |    29 |     3 ||    32
  Evoke: Wand              |       |     8 |     5 |     2 ||    15
    Use: Potion            |     1 |       |     5 |       ||     6
         Scroll            |       |    11 |    13 |       ||    24
   Stab: Distracted        |       |     1 |     2 |       ||     3
         Confused          |       |       |     1 |     3 ||     4
 Armour: Skin              |    15 |    24 |    43 |     9 ||    91
  Dodge: Dodged            |    38 |    80 |   231 |    27 ||   376
